Map: Temple gelé

Players

Tarzan

  • Race: Zerg Zerg
  • League: Silver

pupu - Winner!

  • Race: Protoss Protoss
  • League: Silver

VOD

Have the link to the VOD?

Description

Time

  • Played on: April 7, 2016, 11:32 a.m.
  • Length: 9:38
Show
View Real Time Build Order
Export as new Build Order

Tarzan Zerg 

Build Orders: Hatch First 

Get SALT Encoding   

  12  0:02  Drone  
  13  0:20  Overlord  
  14  0:21  Drone  
  14  0:27  Extractor  
  14  0:28  Drone  
  14  0:38  Drone  
  14  0:42  Drone  
  16  1:02  Drone  
  16  1:04  Hatchery  
  16  1:05  Drone  
  17  1:21  Spawning Pool  
  17  1:22  Drone  
  17  1:26  Drone  
  18  1:35  Drone  
  19  1:46  Drone  
  20  1:56  Extractor  
  19  2:02  Overlord  
  19  2:12  Drone  
  19  2:13  Roach Warren  
  19  2:16  Queen  
  19  2:18  Queen  
  19  2:21  Drone  
  24  2:31  Drone x2  
  26  2:40  Evolution Chamber  
  26  2:42  Drone  
  26  2:48  Drone x3  
  29  2:51  Drone  
  30  3:02  Lair  
  30  3:09  Zerg Ground Armor Level 1  
  30  3:12  Drone  
  31  3:13  Drone  
  31  3:16  Drone  
  31  3:18  Drone  
  34  3:48  Evolution Chamber, Drone x3  
  36  3:49  Hatchery, Overlord, Drone  
  36  4:03  Spore Crawler  
  36  4:07  Queen  
  36  4:08  Drone x3  
  40  4:13  Spore Crawler  
  39  4:19  Zerg Missile Weapons Level 1, Spore Crawler  
  39  4:23  Glial Reconstitution  
  38  4:30  Extractor  
  37  4:33  Drone x3  
  37  4:34  Extractor  
  37  4:35  Drone  
  40  4:40  Drone  
  40  4:41  Drone x2  
  43  4:51  Hydralisk Den  
  42  4:54  Roach  
  42  4:55  Overlord  
  42  4:57  Overlord  
  44  5:15  Drone x2  
  44  5:16  Drone x2  
  48  5:27  Drone  
  49  5:34  Roach x6  
  49  5:35  Roach x2  
  60  5:44  Hydralisk  
  60  5:45  Hydralisk  
  60  5:46  Hydralisk  
  63  6:44  Hatchery  
  62  6:53  Overlord x3  
  62  7:11  Queen  
  55  7:48  Drone x3  
  58  7:56  Lair  
  58  8:04  Spore Crawler  
  57  8:13  Roach x2  
  57  8:18  Spore Crawler  
  60  8:20  Spore Crawler  
  60  8:21  Drone  
  60  8:29  Drone  
  60  8:30  Drone x4  
  65  8:37  Extractor  
  55  8:54  Roach x3  
  55  8:55  Roach x5  
  67  8:56  Roach  
  52  9:07  Roach x3  
  58  9:16  Roach x3  
  58  9:17  Roach x3  
Show
View Real Time Build Order
Export as new Build Order

pupu Protoss - Winner!

Build Orders:  

Get SALT Encoding   

  12  0:01  Probe (Chrono Boost)  
  13  0:11  Probe (Chrono Boost)  
  14  0:19  Pylon  
  14  0:22  Probe (Chrono Boost)  
  15  0:37  Probe (Chrono Boost)  
  15  0:38  Gateway  
  16  0:45  Assimilator  
  16  0:47  Probe (Chrono Boost)  
  17  0:57  Assimilator  
  17  0:58  Probe (Chrono Boost)  
  18  1:09  Probe (Chrono Boost)  
  19  1:20  Probe (Chrono Boost)  
  20  1:26  Cybernetics Core  
  20  1:30  Probe (Chrono Boost)  
  21  1:49  Nexus  
  21  1:54  Pylon  
  21  1:57  Probe (Chrono Boost)  
  21  1:59  Warp Gate (Chrono Boost)  
  22  2:12  Mothership Core (Chrono Boost)  
  24  2:24  Twilight Council  
  24  2:30  Probe (Chrono Boost)  
  25  2:42  Probe (Chrono Boost)  
  25  2:43  Robotics Facility  
  26  2:52  Probe (Chrono Boost)  
  27  2:59  Gateway  
  27  3:04  Pylon  
  27  3:05  Probe  
  27  3:06  Probe  
  29  3:17  Charge (Chrono Boost)  
  29  3:23  Probe x2  
  31  3:33  Warp Prism  
  33  3:37  Probe  
  33  3:39  Probe  
  35  3:48  Gateway  
  35  3:55  Gateway  
  35  3:57  Probe  
  35  3:58  Probe  
  37  4:13  Gateway  
  37  4:15  Probe x2, Gateway  
  39  4:23  Pylon  
  39  4:26  Pylon  
  39  4:28  Probe x2  
  41  4:36  Sentry  
  43  4:44  Sentry  
  45  4:53  Immortal  
  49  5:03  Zealot  
  49  5:04  Zealot x2  
  55  5:07  Zealot  
  57  5:34  Zealot x4  
  65  5:55  Zealot x2  
  65  5:56  Zealot  
  61  6:10  Stalker  
  55  6:17  Zealot x3  
  53  6:30  Probe x2  
  51  6:42  Probe x2, Pylon  
  51  6:44  Pylon  
  51  6:46  Pylon  
  53  6:47  Immortal  
  53  6:49  Pylon  
  53  6:50  Zealot x2  
  53  6:51  Zealot x2, Gateway  
  53  6:52  Gateway  
  53  6:54  Probe  
  66  6:59  Gateway  
  66  7:15  Zealot x4  
  64  7:47  Probe x2  
  64  7:50  Zealot x6  
  78  7:53  Pylon  
  78  7:56  Pylon  
  78  7:59  Probe, Pylon  
  78  8:01  Pylon  
  78  8:04  Pylon  
  79  8:06  Nexus  
  79  8:07  Warp Prism  
  79  8:10  Zealot x4, Pylon  
  79  8:11  Zealot  
  91  8:24  Zealot x4  
  95  9:14  Stalker x4  
  95  9:15  Stalker x5  
Tags
 
Add a new tag
Caveats
  • Supply blocks, unpowered buildings, or Contaminate may cause inaccurate times.
  • Supply counts are checked every 10 seconds.